 Dungeon Crawl Stone Soup version 0.16-a0-2296-gdce89d5 (webtiles) character file.

165 PolkaDot the Caller (level 5, 0/35 HPs)
             Began as a Vampire Summoner on Nov 16, 2014.
             Slain by Grinder (10 damage)
             ... on level 3 of the Dungeon.
             The game lasted 00:06:04 (2630 turns).

PolkaDot the Caller (Vampire Summoner)              Turns: 2630, Time: 00:06:04

Health: 0/35       AC:  4    Str:  7    XL:     5   Next: 21%
Magic:  2/11       EV: 18    Int: 23    God:
Gold:   106        SH:  0    Dex: 19    Spells: 3 memorised, 4 levels left

rFire  . . .     SeeInvis +     f - +2 dagger (venom)
rCold  . . .     Clarity  .     a - +0 robe
rNeg   . . .     SustAb   .     (no shield)
rPois  .         Gourm    .     (no helmet)
rElec  .         Spirit   .     (no cloak)
rCorr  .         Warding  .     (no gloves)
rMut   .         Stasis   .     n - +1 pair of boots
MR     .....                    k - amulet of regeneration
Stlth  ++++......               (no ring)
                                (no ring)

@: brilliant, agile, regenerating quickly, not resistant to hostile
enchantments, stealthy
A: bottle blood, fangs 3, see invisible, unbreathing
a: no special abilities


You were on level 3 of the Dungeon.
You were very full.

You visited 1 branch of the dungeon, and saw 3 of its levels.

You collected 106 gold pieces.

Inventory:

Hand weapons
 f - a +2 dagger of venom (weapon)
Armour
 a - a +0 robe (worn)
 n - a +1 pair of boots (worn)
Jewellery
 k - an amulet of regeneration (around neck)
Scrolls
 c - a scroll of enchant weapon
 d - a scroll of magic mapping
 i - a scroll of teleportation {unknown}
 l - a scroll of remove curse {unknown}
 m - a scroll of fog {unknown}
 p - a scroll of holy word {unknown}
Potions
 g - 3 potions of agility
 j - a potion of restore abilities
 o - a potion of degeneration {!q}
Books
 b - a book of Callings

   Spells                             Type                      Level
   *Summon Small Mammal               Summoning                    1
   *Call Imp                          Summoning                    2
   *Call Canine Familiar              Summoning                    3
   Summon Guardian Golem              Hexes/Summoning              4
   Summon Lightning Spire             Summoning/Air                4
   Summon Ice Beast                   Ice/Summoning                4


   Skills:
 - Level 2.1 Dodging
 - Level 3.0 Stealth
 + Level 3.3 Spellcasting
 * Level 5.8 Summonings


You had 4 spell levels left.
You knew the following spells:

 Your Spells              Type           Power        Failure   Level  Hunger
a - Summon Small Mammal   Summ           ####         1%          1    None
d - Call Canine Familiar  Summ           #####...     1%          3    ###....
s - Call Imp              Summ           #####...     1%          2    ##.....


Dungeon Overview and Level Annotations

Branches:
Dungeon (3/15)

Altars:

Annotations:
D:3 Grinder


Innate Abilities, Weirdness & Mutations

Your natural rate of healing is unusually fast.
You can bottle blood from corpses.
You have razor-sharp teeth.
You have supernaturally acute eyesight.
You can survive without breathing.


Message History

Orders for allies: a - Attack new target. r - Retreat! s - Stop attacking. w - Wait here. f - Follow me.
Anything else - Stay silent.
Gang up on whom?
Press: ? - help, Dir - move target cursor, f - Grinder
Aim: Grinder (lightly wounded) Attack!
You feel sick.
You are no longer poisoned.
Your wolf bites Grinder!
Your crimson imp barely misses Grinder.
Grinder hits your crimson imp.
Drink which item? (? for menu, Esc to quit)
Okay, then.
Your wolf bites Grinder! x2
Your crimson imp blinks!
A giant cockroach comes into view.
You hit Grinder.
Grinder is almost dead.
Your wolf barely misses Grinder.
Grinder hits you!
You die...

#.###.#####.#
#.##.##
..###...##..#
#.##.#
.....(#..#.##
#.#..#
...........#
#.#.##
...#####...#
#.#.# ....##
###.# #.#.#
.....# ###
#.#.# .....#
###.#.#
.....#
*#...@5#
.....#
*#...h5##
.)...#
#.......*
.....#
#.......#
.....#
#.......#
.....#
##...s.##
.....#
*#.....#*
.....#
*,...5..*
.<..##
*,,,,...*


You could see Grinder, a giant cockroach, a friendly wolf, a friendly crimson
imp and a friendly white imp.

Vanquished Creatures
  An orc priest (D:3)
  An orc wizard (D:3)
  4 adders
  A gnoll (D:1)
  2 worms
  An ooze (D:3)
  4 orcs (D:3)
  A ball python (D:1)
  2 giant cockroaches
  2 hobgoblins (D:2)
  7 bats
  3 giant newts
  7 goblins
  2 jackals (D:2)
  6 kobolds
  6 rats
50 creatures vanquished.

Vanquished Creatures (collateral kills)
  2 hobgoblins (D:1)
  A bat (D:1)
  A kobold (D:1)
  A rat (D:1)
5 creatures vanquished.

Vanquished Creatures (others)
  A rat (D:1)
1 creature vanquished.

Grand Total: 56 creatures vanquished

Notes
Turn   | Place    | Note
--------------------------------------------------------------
     0 | D:1      | PolkaDot, the Vampire Summoner, began the quest for the Orb.
     0 | D:1      | Reached XP level 1. HP: 13/13 MP: 3/3
   708 | D:1      | Reached XP level 2. HP: 17/19 MP: 4/4
   712 | D:1      | Learned a level 2 spell: Call Imp
  1465 | D:2      | Reached XP level 3. HP: 20/24 MP: 6/6
  1483 | D:2      | Learned a level 3 spell: Call Canine Familiar
  1696 | D:2      | Reached skill level 5 in Summonings
  2133 | D:2      | Reached XP level 4. HP: 28/30 MP: 8/8
  2420 | D:3      | Reached XP level 5. HP: 16/35 MP: 9/11
  2604 | D:3      | Noticed Grinder
  2630 | D:3      | Slain by Grinder

Action                   |  1- 3 |  4- 6 || total
-------------------------+-------+-------++-------
Melee: Unarmed           |     9 |       ||     9
       Dagger            |    96 |    68 ||   164
 Cast: Summon Small Mamm |     9 |       ||     9
       Call Imp          |       |     2 ||     2
       Call Canine Famil |       |     2 ||     2
  Use: Potion            |     1 |     2 ||     3
       Scroll            |       |     5 ||     5
 Stab: Sleeping          |     6 |     3 ||     9
  Eat: Corpse            |    10 |     7 ||    17
